AoeStats
← a.arias.age

Pilgrims

508748898Analyzed
3v3 RM · 7d ago on Sep 23, 2026· 45m 43s· 6 players
Game mode
Random Map
Map size
Normal (6 player)
Population
200
Speed
Normal
Resources
Standard
Victory
Conquest
Starting age
Dark Age
Ending age
Imperial Age
RankedLock teamsTeams togetherTeam positionsShared explorationLock speedFull tech treeHidden civsTurbo modeCheats
Victory
Defeat
🇪🇸 Saxons · Spain
1265
+16
🇪🇸 Varangians · Spain
1203
+19
🇪🇸 Chinese · Spain
1174
+20
🇩🇪 Italians · Germany
1319
-21
🇩🇪 Vikings · Germany
1234
-17
🇩🇪 Berbers · Germany
1227
-17
Sir Dman II.
9:09 Loom
11:33 Feudal Age
15:17 Double-Bit Axe
15:13 Horse Collar
15:44 Fletching
22:38 Castle Age
22:27 Gold Mining
24:03 Bow Saw
24:03 Heavy Plow
33:18 Imperial Age
31:39 Stone Mining
32:24 Gold Shaft Mining
32:23 Scale Mail Armor
32:33 Forging
33:23 Chain Mail Armor
35:22 Iron Casting
34:36 Onager
35:30 Bodkin Arrow
39:21 Conscription
40:16 Elite Berserk
45:20 Plate Mail Armor
Sarah0nFire
4:48 Loom
13:44 Feudal Age
14:48 Double-Bit Axe
21:31 Castle Age
20:12 Wheelbarrow
19:30 Gold Mining
19:21 Horse Collar
26:29 Forging
26:39 Scale Barding Armor
28:20 Iron Casting
28:35 Bloodlines
31:14 Hand Cart
32:03 Husbandry
32:36 Bow Saw
37:01 Horse Collar
37:57 Gold Shaft Mining
45:31 Imperial Age
Renesel
11:27 Feudal Age
15:23 Castle Age
13:11 Loom
13:30 Fishing Lines
14:18 Fletching
14:19 Double-Bit Axe
15:35 Gold Mining
16:27 Bodkin Arrow
16:49 Gillnets
21:16 Imperial Age
19:45 Ballistics
20:31 Bow Saw
20:39 Padded Archer Armor
20:33 Town Watch
22:04 Bracer
23:20 Thumb Ring
25:09 Leather Archer Armor
27:10 Ring Archer Armor
32:37 Chemistry
34:32 Horse Collar
39:37 Wheelbarrow
39:10 Heavy Plow
40:57 Wheelbarrow
40:07 Town Watch
45:56 Conscription
Chusj
12:42 Feudal Age
13:21 Double-Bit Axe
14:06 Loom
16:23 Castle Age
14:08 Fishing Lines
16:05 Fletching
16:06 Loom
17:49 Bodkin Arrow
18:11 Double-Bit Axe
20:12 Bow Saw
22:04 Horse Collar
24:28 Wheelbarrow
25:30 Scale Mail Armor
26:26 Squires
26:12 Gambesons
26:39 Forging
28:13 Chain Mail Armor
28:33 Iron Casting
35:33 Town Watch
42:14 Imperial Age
40:00 Hand Cart
39:45 Town Patrol
40:32 Arson
42:19 Elite Varangian Guard
44:24 Bracer
44:55 Plate Mail Armor
DS_Jaspe
3:08 Loom
12:31 Feudal Age
16:01 Castle Age
13:44 Fishing Lines
14:36 Fletching
15:18 Double-Bit Axe
15:14 Horse Collar
16:59 Medium Warships
17:10 Gillnets
18:03 Wheelbarrow
17:54 Bodkin Arrow
22:47 Hand Cart
23:12 Bow Saw
28:06 Imperial Age
26:04 Gold Mining
26:36 Padded Archer Armor
26:57 Ballistics
27:12 Masonry
27:38 Town Watch
28:26 Leather Archer Armor
28:29 Stone Mining
29:14 Gold Shaft Mining
28:42 Heavy Plow
30:12 Conscription
29:54 Bracer
31:10 Thumb Ring
31:38 Ring Archer Armor
32:10 Chemistry
33:02 Capped Ram
34:38 Elite Chu Ko Nu
35:14 Siege Ram
38:28 Town Patrol
39:31 Two-Man Saw
39:07 Stone Shaft Mining
40:54 Architecture
42:58 Bombard Tower
43:13 Great Wall
43:42 Rocketry
46:12 Forging
46:08 Scale Barding Armor
46:03 Scale Mail Armor
a.arias.age
5:47 Loom
9:13 Feudal Age
14:57 Double-Bit Axe
19:38 Castle Age
17:22 Fishing Lines
18:02 Stone Mining
18:34 Gold Mining
20:13 Elite Skirmisher
21:00 Gillnets
21:14 Fletching
21:24 Padded Archer Armor
24:35 Bodkin Arrow
26:40 Leather Archer Armor
28:07 Ballistics
32:03 Bloodlines
32:45 Forging
32:41 Scale Barding Armor
34:40 Iron Casting
35:38 Chain Barding Armor
36:31 Wheelbarrow
40:15 Hand Cart
41:16 Stone Shaft Mining
45:00 Imperial Age
42:15 Town Watch
43:11 Bow Saw
43:53 Vendel Legacy
45:54 Chain Barding Armor
45:01 Light Cavalry
46:45 Blast Furnace
45:13 Capped Ram
Connection lost

Rejoining the realm…

Still unreachable

The connection could not be restored.

Session expired

The server has moved on; the page needs a fresh start.